 Dungeon Crawl Stone Soup version 0.29-a0-334-gb41bcbb86e (webtiles) character file.

Game seed: 15165464082449454304

154 zeratav the Grasshopper (level 5, -1/43 HPs)
             Began as a Gnoll Warper on Apr 15, 2022.
             Slain by a gnoll
             ... wielding a +0 flail
              (3 damage)
             ... on level 3 of the Dungeon.
             The game lasted 00:05:16 (2293 turns).

zeratav the Grasshopper (Gnoll Warper)              Turns: 2293, Time: 00:05:17

Health: -1/43      AC:  6    Str: 12    XL:     5   Next: 36%
Magic:  1/12       EV: 13    Int: 13    God:
Gold:   98         SH:  0    Dex: 11    Spells: 9/14 levels left

rFire   . . .      SeeInvis .   a - +0 hand axe {axe}
rCold   . . .      Faith    .   (no shield)
rNeg    + . .      Spirit   .   b - +0 leather armour
rPois   .          Reflect  .   j - +1 helmet
rElec   .          Harm     .   f - scarf {repulsion}
rCorr   .          Rampage  .   (no gloves)
Will    .....                   h - +0 pair of boots
Stlth   +.........              (no amulet)
HPRegen 0.14/turn               n - ring of positive energy
MPRegen 0.13/turn               (no ring)

@: studying Armour, repel missiles
A: fangs 1, strong nose, distributed training
a: no special abilities


You were on level 3 of the Dungeon.
You visited 1 branch of the dungeon, and saw 3 of its levels.

You collected 98 gold pieces.


Innate Abilities, Weirdness & Mutations

You have very sharp teeth.
Your uncanny sense of smell can sniff out nearby items.
Your experience applies equally to all skills.


   Skills:
 + Level 4.8 Fighting
 + Level 1.4 Short Blades
 + Level 1.4 Long Blades
 + Level 4.8 Axes
 + Level 1.4 Maces & Flails
 + Level 1.4 Polearms
 + Level 1.4 Staves
 + Level 1.4 Slings
 + Level 1.4 Bows
 + Level 1.4 Crossbows
 + Level 3.0 Throwing
 + Level 3.1 Armour
 + Level 4.8 Dodging
 + Level 1.4 Stealth
 + Level 1.4 Shields
 + Level 1.4 Unarmed Combat
 + Level 5.2 Spellcasting
 + Level 1.1 Conjurations
 + Level 1.1 Hexes
 + Level 1.1 Summonings
 + Level 1.1 Necromancy
 + Level 5.5 Translocations
 + Level 1.1 Transmutations
 + Level 1.1 Fire Magic
 + Level 1.1 Ice Magic
 + Level 1.1 Air Magic
 + Level 1.1 Earth Magic
 + Level 1.1 Poison Magic
 + Level 1.6 Invocations
 + Level 1.4 Evocations


You had 9 spell levels left.
You knew the following spells:

 Your Spells              Type           Power      Damage    Failure   Level
a - Gell's Gravitas       Tloc           17%        N/A       7%          3
b - Blink                 Tloc           34%        N/A       3%          2

Your spell library contained the following spells:

 Spells                   Type           Power      Damage    Failure   Level
 Lesser Beckoning         Tloc           17%        N/A       7%          3
 Teleport Other           Tloc           17%        N/A       7%          3
 Stone Arrow              Conj/Erth      12%        3d7       41%         3
 Manifold Assault         Tloc           17%        N/A       54%         5
 Animate Armour           Summ/Erth      12%        N/A       82%         4
 Summon Forest            Summ/Tloc      6%         N/A       85%         5
 Eringya's Noxious Bog    Tmut/Pois      3%         N/A       100%        6
 Summon Hydra             Summ           3%         N/A       100%        7
 Lehudib's Crystal Spear  Conj/Erth      3%         10d2      100%        8

Inventory:

Hand Weapons
 a - a +0 hand axe (weapon) {axe}
 t - a +0 vampiric dagger {short}
   (You took it off a goblin on level 3 of the Dungeon)
Missiles
 d - 2 boomerangs of dispersal (quivered) {=fthrowing}
 g - 3 silver boomerangs {throwing}
Armour
 b - a +0 leather armour (worn)
 f - a scarf of repulsion (worn)
   (You found it on level 1 of the Dungeon)
 h - a +0 pair of boots (worn)
   (You found it on level 1 of the Dungeon)
 j - a +1 helmet (worn)
   (You found it on level 1 of the Dungeon)
 m - a +0 leather armour
   (You found it on level 2 of the Dungeon)
 o - a +0 leather armour
   (You found it on level 2 of the Dungeon)
 u - a +0 leather armour
   (You found it on level 3 of the Dungeon)
Jewellery
 n - a ring of positive energy (left hand)
   (You found it on level 2 of the Dungeon)
Scrolls
 c - 2 scrolls of blinking {!r}
 e - a scroll of teleportation {unknown}
 i - 5 scrolls of identify {unknown}
 k - 2 scrolls of vulnerability {unknown}
 p - a scroll of silence {unknown}
 s - a scroll of torment {unknown}
Potions
 l - a potion of brilliance {unknown}
 q - 3 potions of curing {unknown}
 r - a potion of heal wounds {unknown}

Dungeon Overview and Level Annotations

Branches:
Dungeon (3/15)

Altars:
Qazlal

≈≈.....#.......###..
....
######.#.....#(.#####
#.. .# ......###.#
..# ###.#### #.## ..#
...# #..# .. .# ##.#
. #.## ###.)####..
#..@g......
#...g......
#.......... ∆
............
###..........
#..........
#..........
#..........


You could see 2 gnolls.


Message History

Things that are here:
a +0 club {mace}; a goblin skeleton You see here 17 stones {throwing}.
A giant cockroach comes into view.
A giant cockroach is nearby!
A gnoll comes into view. It is wielding a +0 flail.
A gnoll comes into view. It is wielding a +0 whip.
A gnoll comes into view. It is wielding a +0 flail.
The gnoll shouts! x2; You hear an angry hiss.
An endoplasm comes into view.
The giant cockroach bites you but does no damage.
The gnoll shouts!
You hit the giant cockroach.
A gnoll comes into view. It is wielding a +0 flail.
The giant cockroach misses you.
You closely miss the giant cockroach. The giant cockroach closely misses you.
You closely miss the giant cockroach.
The gnoll shouts!
You hear a shout!
The giant cockroach bites you but does no damage.
The giant cockroach barely misses you.
You hit the giant cockroach but do no damage.
You hit the gnoll. The giant cockroach misses you. The gnoll barely misses you.
Casting: Gell's Gravitas (dangerous; 7% risk of failure)
Confirm with . or Enter, or press ? or * to list all spells.
Aiming: Gell's Gravitas (dangerous; 7% risk of failure)
Press: ? - help, Dir - move target, f - endoplasm
Aim: an endoplasm Gravity reorients around the endoplasm.
The giant cockroach collides with the gnoll!
You kill the giant cockroach!
The gnoll collides with the endoplasm! x2
You kill the endoplasm!
MP[-3]
You lost 3 mp, and now have 9/12 mp.
Casting: Gell's Gravitas (dangerous; 7% risk of failure)
Confirm with . or Enter, or press ? or * to list all spells.
Aiming: Gell's Gravitas (dangerous; 7% risk of failure)
Press: ? - help, Dir - move target, f - gnoll
Aim: a gnoll, wielding a +0 flail (lightly wounded) Gravity reorients around the gnoll.
The gnoll collides with the gnoll! x2
The gnoll closely misses you.
MP[-3]
You lost 3 mp, and now have 6/12 mp.
You slash the gnoll!
You kill the gnoll!
You hit the gnoll. x2; The gnoll barely misses you.
The gnoll closely misses you.
Casting: Gell's Gravitas (dangerous; 7% risk of failure)
Confirm with . or Enter, or press ? or * to list all spells.
Aiming: Gell's Gravitas (dangerous; 7% risk of failure)
Press: ? - help, Dir - move target, f/p - gnoll
Aim: a gnoll, wielding a +0 flail (severely wounded) Gravity reorients around the gnoll.
The gnoll collides with the gnoll! x2
The gnoll hits you with a +0 flail. The gnoll hits you with a +0 whip.
HP[-11] MP[-3]
You take 11 damage, and now have 32/43 hp.
MASSIVE DAMAGE!! (PAUSE)
You lost 3 mp, and now have 3/12 mp.
The gnoll hits you with a +0 flail. The gnoll closely misses you. x2
You see here a +0 flail {mace}.
HP[-3]
You take 3 damage, and now have 29/43 hp.
You closely miss the gnoll. Your bite misses the gnoll. You hit the gnoll.
You closely miss the gnoll. The gnoll barely misses you.
The gnoll hits you with a +0 whip. The gnoll hits you with a +0 flail.
HP[-5]
You take 5 damage, and now have 24/43 hp.
You hit the gnoll. x2; You hit the gnoll but do no damage.
The gnoll hits you with a +0 flail!
* * * LOW HITPOINT WARNING * * *
The gnoll barely misses you. x2; The gnoll hits you but does no damage.
The gnoll barely misses you. The gnoll hits you with a +0 flail.
* * * LOW HITPOINT WARNING * * *
HP[-11]
You take 11 damage, and now have 13/43 hp.
MASSIVE DAMAGE!! (PAUSE)
Casting: Gell's Gravitas (dangerous; 7% risk of failure)
Confirm with . or Enter, or press ? or * to list all spells.
Aiming: Gell's Gravitas (dangerous; 7% risk of failure)
Press: ? - help, Dir - move target, f/p - gnoll
Aim: a gnoll, wielding a +0 flail (almost dead) Gravity reorients around the gnoll.
The gnoll collides with the gnoll!
You kill the gnoll!
The gnoll collides with the gnoll!
The gnoll hits you with a +0 flail.
* * * LOW HITPOINT WARNING * * *
The gnoll misses you.
Your Throwing skill increases to level 3!
HP[-6] MP[-2]
You take 6 damage, and now have 7/43 hp.
You lost 2 mp, and now have 1/12 mp.
You hit the gnoll but do no damage. You bite the gnoll, but do no damage.
You barely miss the gnoll. The gnoll hits you with a +0 whip.
* * * LOW HITPOINT WARNING * * *
The gnoll misses you.
HP[-6]
You take 6 damage, and now have 1/43 hp.
You barely miss the gnoll. You hit the gnoll.
The gnoll hits you with a +0 flail.
You die...

Skill      XL: |  1  2  3  4  5 |
---------------+----------------+-----
Spellcasting   | 5 |  5.2
Invocations    | 1 |  1.6
Short Blades   | 1 |  1.4
Long Blades    | 1 |  1.4
Maces & Flails | 1 |  1.4
Polearms       | 1 |  1.4
Staves         | 1 |  1.4
Slings         | 1 |  1.4
Bows           | 1 |  1.4
Crossbows      | 1 |  1.4
Stealth        | 1 |  1.4
Shields        | 1 |  1.4
Unarmed Combat | 1 |  1.4
Evocations     | 1 |  1.4
Conjurations   | 1 |  1.1
Hexes          | 1 |  1.1
Summonings     | 1 |  1.1
Necromancy     | 1 |  1.1
Transmutations | 1 |  1.1
Fire Magic     | 1 |  1.1
Ice Magic      | 1 |  1.1
Air Magic      | 1 |  1.1
Earth Magic    | 1 |  1.1
Poison Magic   | 1 |  1.1
Armour         | 3 |  3.1
Throwing       | 3 |  3.0
Fighting       | |  4.8
Axes           | |  4.8
Dodging        | |  4.8
Translocations | |  5.5

Action                   |  1- 3 |  4- 6 || total
-------------------------+-------+-------++-------
Melee: Hand axe          |   102 |   107 ||   209
       Punch             |     2 |     2 ||     4
       Bite              |     7 |     9 ||    16
Throw: Boomerang         |     5 |       ||     5
 Cast: Gell's Gravitas   |       |    10 ||    10
 Stab: Distracted        |     1 |       ||     1
Armor: Leather armour    |    27 |    37 ||    64
Dodge: Dodged            |    53 |   107 ||   160
       Repelled          |     1 |       ||     1

Levels and vault maps discovered:
D:1:      lemuel_arrival_river_ford, layout_basic,
          shapermc_ecumenical_altar_venn
D:2:      layout_rooms, minmay_heptomino_w4
D:3:      layout_rooms, nicolae_qazlal_style_of_elements, minmay_goblin_outpost

Notes
Turn   | Place    | Note
-------+----------+-------------------------------------------
     0 | D:1      | zeratav the Gnoll Warper began the quest for the Orb.
     0 | D:1      | Reached XP level 1. HP: 20/20 MP: 6/6
     0 | D:1      | magus.rc [v1.9.6]
    63 | D:1      | Found a faded altar of an unknown god.
   373 | D:1      | Reached XP level 2. HP: 26/26 MP: 7/7
   669 | D:1      | Reached XP level 3. HP: 30/31 MP: 9/9
   701 | D:1      | Reached skill level 5 in Spellcasting
   913 | D:2      | Reached skill level 1 in Invocations
  1117 | D:2      | Reached skill level 1 in Short Blades
  1117 | D:2      | Reached skill level 1 in Long Blades
  1117 | D:2      | Reached skill level 1 in Maces & Flails
  1117 | D:2      | Reached skill level 1 in Polearms
  1117 | D:2      | Reached skill level 1 in Staves
  1117 | D:2      | Reached skill level 1 in Slings
  1117 | D:2      | Reached skill level 1 in Bows
  1117 | D:2      | Reached skill level 1 in Crossbows
  1117 | D:2      | Reached skill level 1 in Stealth
  1117 | D:2      | Reached skill level 1 in Shields
  1117 | D:2      | Reached skill level 1 in Unarmed Combat
  1117 | D:2      | Reached skill level 1 in Evocations
  1161 | D:2      | Reached XP level 4. HP: 14/38 MP: 11/11
  1370 | D:2      | Learned a level 3 spell: Gell's Gravitas
  1744 | D:2      | Reached skill level 1 in Conjurations
  1744 | D:2      | Reached skill level 1 in Hexes
  1744 | D:2      | Reached skill level 1 in Summonings
  1744 | D:2      | Reached skill level 1 in Necromancy
  1744 | D:2      | Reached skill level 1 in Transmutations
  1744 | D:2      | Reached skill level 1 in Fire Magic
  1744 | D:2      | Reached skill level 1 in Ice Magic
  1744 | D:2      | Reached skill level 1 in Air Magic
  1744 | D:2      | Reached skill level 1 in Earth Magic
  1744 | D:2      | Reached skill level 1 in Poison Magic
  2080 | D:3      | Reached skill level 3 in Armour
  2084 | D:3      | Reached XP level 5. HP: 35/43 MP: 8/12
  2094 | D:3      | You add the spells Summon Forest, Eringya's Noxious Bog and
                  | Summon Hydra to your library.
  2169 | D:3      | Noticed a fire elemental
  2172 | D:3      | Found a stormy altar of Qazlal.
  2175 | D:3      | Noticed an air elemental
  2252 | D:3      | You pick up a book of Armaments and begin reading...
  2252 | D:3      | You add the spells Stone Arrow, Animate Armour and
                  | Lehudib's Crystal Spear to your library.
  2256 | D:3      | Learned a level 2 spell: Blink
  2291 | D:3      | HP: 7/43 [gnoll/+0 flail (6)]
  2292 | D:3      | Reached skill level 3 in Throwing
  2292 | D:3      | HP: 1/43 [gnoll/+0 whip (6)]
  2293 | D:3      | Slain by a gnoll

Vanquished Creatures
  5 adders
  2 gnolls (D:3)
  A worm (D:2)
  3 dart slugs
  An orc (D:3)
  7 ball pythons
  7 endoplasms
  3 giant cockroaches
  16 goblins
  8 hobgoblins
  4 jackals (D:1)
  3 kobolds
  3 quokkas
  3 frilled lizards
  8 rats
74 creatures vanquished.

Vanquished Creatures (others)
  A hobgoblin (D:3)
1 creature vanquished.

Grand Total: 75 creatures vanquished

Table legend:
 A = Non-vault XP
 B = Vault XP
 C = Vault XP percentage of total XP
 D = Non-vault monster count
 E = Vault monster count
 F = Vault count percentage of total count
                 A         B        C        D         E       F
            +---------+---------+-------+---------+---------+-------
      Total |     174 |      47 |  21.3 |      55 |      19 |  25.7
            +---------+---------+-------+---------+---------+-------
        D:1 |      42 |       0 |   0.0 |      23 |       0 |   0.0
        D:2 |      70 |      23 |  24.7 |      19 |       7 |  26.9
        D:3 |      62 |      24 |  27.9 |      13 |      12 |  48.0
            +---------+---------+-------+---------+---------+-------

Illustrated notes

Table legend:
 A = Kills in this place as a percentage of kills in entire the game.
 B = Kills by you in this place as a percentage of kills by you in the entire game.
 C = Kills by friends in this place as a percentage of kills by friends in the entire game.
 D = Other kills in this place as a percentage of other kills in the entire game.
 E = Experience gained in this place as a percentage of experience gained in the entire game.
 F = Experience gained in this place divided by the number of levels of this place that you have seen.
                   A       B       C       D       E      F
               +-------+-------+-------+-------+-------+----------------------
         Total | 100.0 | 100.0 |   N/A |   N/A | 100.0 |  73.7
       Dungeon | 100.0 | 100.0 |   N/A |   N/A | 100.0 |  73.7
               +-------+-------+-------+-------+-------+----------------------

Table legend: (Time is in decaauts)
 A = Elapsed time spent in this place.
 B = Non-inter-level travel time spent in this place.
 C = Inter-level travel time spent in this place.
 D = Time resting spent in this place.
 E = Time spent auto-exploring this place.
 F = Levels seen in this place.
 G = Mean time per level.
                   A        B        C        D        E       F      G
               +--------+--------+--------+--------+--------+-----+--------+
         Total |   2312 |   2257 |     55 |    431 |   1309 |   3 |  770.7 |
       Dungeon |   2312 |   2257 |     55 |    431 |   1309 |   3 |  770.7 |
               +--------+--------+--------+--------+--------+-----+--------+

Top non-repeatable levels by time:
     D:2: 1089 daAuts
     D:1: 913 daAuts
     D:3: 308 daAuts
